 Dungeon Sprint DCSS version 0.28-a0-79-g444c7a33f5 (webtiles) character file.

Game seed: 1767450404598160199

65133 Zeldest the Tortoise (level 14, 0/151 HPs)
             Began as a Deep Dwarf Fighter on Aug 2, 2021.
             Was the Champion of Makhleb.
             Killed from afar by Boris (35 damage)
             ... with a bolt of cold
             ... in the Dungeon (Sprint IX: "|||||||||||||||||||||||||||||").
             The game lasted 00:18:08 (2002 turns).

Zeldest the Tortoise (Deep Dwarf Fighter)           Turns: 2002, Time: 00:18:09

Health: 0/151      AC: 24    Str: 29    XL:     14   Next: 74%
Magic:  12/12      EV: 14    Int:  8    God:    Makhleb [******]
Gold:   862        SH: 24    Dex: 12    Spells: 13/13 levels left

rFire   + . .      SeeInvis +   I - +1 double sword
rCold   . . .      Faith    .   K - +1 tower shield
rNeg    + . .      Spirit   .   M - +1 fire dragon scales
rPois   .          Reflect  .   o - +0 helmet
rElec   .          Harm     .   N - +1 cloak
rCorr   .          Rampage  .   L - +0 pair of gloves {Str+3}
Will    ++...      NoTele   +   x - +0 pair of boots
Stlth   ..........              (no amulet)
HPRegen 0.00/turn               H - ring of ice
MPRegen 0.13/turn               G - ring of see invisible

@: no status effects
A: damage resistance, heal wounds, negative energy resistance 1, sense
surroundings 2, no regeneration
a: Heal Wounds, Renounce Religion, Minor Destruction, Lesser Servant of Makhleb,
Major Destruction, Greater Servant of Makhleb


You were in the Dungeon.
You worshipped Makhleb.
Makhleb was exalted by your worship.
You visited 1 branch You collected 1325 gold pieces.
You spent 463 gold pieces at shops.

Inventory:

Hand Weapons
 a - a +0 long sword
 n - a +2 scimitar of flaming
 B - a +6 falchion of holy wrath
 I - a +1 double sword (weapon)
Armour
 b - a +0 scale mail
 c - a +0 kite shield
 o - a +0 helmet (worn)
 p - a +1 chain mail
 x - a +0 pair of boots (worn)
 y - a +0 pair of gloves
 z - a +0 ring mail of fire resistance
 J - a +1 chain mail of cold resistance
 K - a +1 tower shield (worn)
 L - a +0 pair of gloves of strength (worn)
 M - +1 fire dragon scales (worn)
 N - a +1 cloak (worn)
Jewellery
 q - a +2 ring of evasion
 r - a +3 ring of intelligence
 s - a ring of the Octopus King {rC+ AC+1 EV+1 Str+1 Int+1 Dex+1}
   (You found it in the Dungeon)

   [ring of protection from cold]

   AC:        It affects your AC (+1).
   EV:        It affects your evasion (+1).
   Str:       It affects your strength (+1).
   Int:       It affects your intelligence (+1).
   Dex:       It affects your dexterity (+1).
   rC:        It protects you from cold.
 E - a ring of protection from fire
 F - a ring of willpower
 G - a ring of see invisible (right hand)
 H - a ring of ice (left hand)
Wands
 m - a wand of acid (1)
 A - a wand of polymorph (5)
 C - a wand of flame (14)
Scrolls
 j - 5 scrolls of blinking
 l - 2 scrolls of amnesia
 t - a scroll of immolation
 u - 3 scrolls of fog
 v - 4 scrolls of enchant weapon
 w - 3 scrolls of enchant armour
 D - a scroll of silence
 O - a scroll of fear
Potions
 d - 2 potions of might
 e - 8 potions of curing
 f - 7 potions of heal wounds
 g - a potion of haste
 h - 4 potions of magic
 i - a potion of berserk rage
 k - a potion of invisibility


   Skills:
 + Level 16.4 Fighting
 + Level 17.6 Long Blades
 + Level 19.1 Armour
 + Level 13.0 Dodging
 + Level 18.8 Shields
 + Level 18.2 Invocations
 + Level 17.3 Evocations


You had 13 spell levels left.
You didn't know any spells.
Your spell library was empty.

Dungeon Overview and Level Annotations

Branches:
Dungeon (1/1)

Altars:
Cheibriados
Dithmenos
Elyvilon
Fedhas
Gozag
Hepliaklqana
Kikubaaqudgha
Makhleb
Nemelex Xobeh
Okawaru
Qazlal
Ru
Sif Muna
Trog
Uskayaw
Vehumet
Wu Jian
Xom
Yredelemnul
Zin
The Shining One
Beogh
Jiyva
Lugonu

Shops:
D ?(*:

Annotations:
D Boris, Rupert


Innate Abilities, Weirdness & Mutations

You are resistant to damage.
You can heal yourself by infusing magical energy.
You resist negative energy. (rN+)
You passively map the area around you.
You do not regenerate.


Message History

Boris is heavily damaged.
You block Boris's attack. x2
You closely miss Boris.
Boris is heavily damaged.
Boris conjures a glowing orb.
You block the orb of destruction.
You hit Boris but do no damage.
Boris is heavily damaged.
Boris hits you. Boris touches you but does no damage.
You slice Boris!!
Boris is severely damaged.
You closely miss Boris.
Boris is severely damaged.
Boris misses you. Boris touches you but does no damage.
You hit Boris.
Boris is severely damaged.
Boris hits you but does no damage. You block Boris's attack.
You slash Boris!
Boris is severely damaged.
Boris hits you but does no damage. You block Boris's attack.
You barely miss Boris.
Boris is severely damaged.
Boris conjures an orb of pure magic.
The wavering orb of destruction weakly hits you!!!
Okay, then.
Press: ? - help, Shift-Dir - straight line, f/p - Boris
Aim: Boris, wearing a +1 robe of fire resistance (severely damaged, slightly transparent)
The bolt of magma hits Boris!
Boris partially resists.
Boris is almost destroyed.
Boris hits you.
* * * LOW HITPOINT WARNING * * *
You block Boris's attack.
Press: ? - help, Shift-Dir - straight line, f/p - Boris
Aim: Boris, wearing a +1 robe of fire resistance (almost destroyed, slightly transparent)
The bolt of magma hits Boris!!
Boris partially resists.
Boris is almost destroyed.
Boris stares.
Boris gestures at you while chanting. The bolt of cold hits you!!!
You die...

.▓.▓.▓.▓.▓.▓.▓.▓.▓ *
, *
.▓.▓.▓.▓.▓.▓.▓.▓.▓ ,
+ ,
.▓.▓.▓.▓.▓.▓.▓.▓.▓,
, , ,
.▓.▓.▓.▓.▓.▓.▓.▓.▓
,* , ,
)▓'▓.▓'▓.▓.▓.▓'▓.▓,
*,
.▓.▓.▓.▓.▓.▓.▓.▓.▓ *
, *
.▓.▓.▓.▓.▓.▓.▓.▓.▓ ,
*
.▓.▓.▓.▓.▓'▓.▓.▓.▓,*
, ,*
[▓.▓.▓.▓.▓.▓.▓.▓@▓ *
, , + ,
.▓)▓.▓.▓.▓.▓.▓.▓L▓ ,
.▓∩▓.▓.▓.▓.▓.▓.▓.▓
*, , , ,
.▓.▓.▓.▓.▓.▓.▓.▓.▓,
* *
.▓∩▓.▓.▓.▓.▓.▓.▓.▓,
*,
.▓.▓.▓.▓.▓.▓.▓.▓.▓,
.▓∩▓.▓.▓.▓†▓.▓.▓.▓ *
, * , *
.▓.▓.▓)▓.▓.▓.▓.▓.▓,
, ,*
.▓∩▓.▓.▓.▓.▓.▓.▓, ,


You could see Boris (invisible).

Vanquished Creatures
  Frederick (D)
  A sphinx (D)
  A fire giant (D)
  2 vault wardens (D)
  An iron dragon (D)
  An emperor scorpion (D)
  An ironbound preserver (D)
  5 stone giants (D)
  A bunyip (D)
  An eleionoma (D)
  An ettin (D)
  A yaktaur captain (D)
  Josephine (D)
  2 fire dragons (D)
  3 great orbs of eyes (D)
  A rakshasa (D)
  4 hydras (D)
  An ogre mage (D)
  A centaur warrior (D)
  2 ice dragons (D)
  A satyr (D)
  3 ironbound frosthearts (D)
  2 merfolk avatars (D)
  A two-headed ogre (D)
  A deep troll shaman (D)
  2 tengu warriors (D)
  An orc high priest (D)
  Urug (D)
  A spriggan berserker (D)
  5 deep trolls (D)
  A naga ritualist (D)
  A bog body (D)
  4 ironbound convokers (D)
  2 wolf spiders (D)
  A deep elf pyromancer (D)
  3 manticores (D)
  A mana viper (D)
  3 ugly things (D)
  4 vault sentinels (D)
  4 black mambas (D)
  Joseph (D)
  A naga mage (D)
  A gargoyle (D)
  2 cane toads (D)
  A demonic crawler (D)
  A rime drake (D)
  2 komodo dragons (D)
  A troll (D)
  2 jumping spiders (D)
  5 polar bears (D)
  2 hornets (D)
  A polar bear (shapeshifter) (D)
  2 tyrant leeches (D)
  3 slime creatures (D)
  A spriggan (D)
  A water elemental (D)
  3 wraiths (D)
  A tarantella (D)
  3 yaks (D)
  A wyvern (D)
  A redback (D)
  Eustachio (D)
  A vampire mosquito (D)
  An acid dragon (D)
  3 nagas (D)
  4 water moccasins (D)
  4 black bears (D)
  An orc warrior (D)
  2 wolves (D)
  A boggart (D)
  A gnoll sergeant (D)
  4 bullfrogs (D)
  A scorpion (D)
  An orc priest (D)
  An adder (D)
  An adder zombie (D)
  5 orcs (D)
  A bat (D)
  A hobgoblin (D)
  A quokka (D)
  A ball python (D)
  A ball python zombie (D)
  A frilled lizard (D)
  A kobold (D)
149 creatures vanquished.

Vanquished Creatures (collateral kills)
  A fire giant (D)
  An ice dragon (D)
  A hydra (D)
  2 ogre magi (D)
  A glowing orange brain (D)
  5 orc knights (D)
  An orc sorcerer (D)
  2 deep elf pyromancers (D)
  A cyclops (D)
  A merfolk siren (D)
  Psyche (D)
  4 trolls (D)
  A snapping turtle (D)
  A boggart (D)
  6 orc warriors (D)
  2 orc priests (D)
  3 orc wizards (D)
  An orc (D)
  A bat simulacrum (D)
36 creatures vanquished.

Vanquished Creatures (others)
  A wizard (D)
1 creature vanquished.

Grand Total: 186 creatures vanquished

Notes
Turn   | Place    | Note
-------+----------+-------------------------------------------
     0 | D        | Zeldest the Deep Dwarf Fighter began the quest for the Orb.
     0 | D        | Reached XP level 1. HP: 20/20 MP: 1/1
    24 | D        | Noticed a scorpion
    37 | D        | Killed a scorpion
    38 | D        | Reached skill level 5 in Armour
    38 | D        | Reached skill level 5 in Shields
    38 | D        | Reached XP level 2. HP: 17/31 MP: 2/2
    38 | D        | Reached XP level 3. HP: 21/37 MP: 3/3
    45 | D        | Reached XP level 4. HP: 25/45 MP: 4/4
    63 | D        | Found a snail-covered altar of Cheibriados.
    63 | D        | Found a shadowy altar of Dithmenos.
    63 | D        | Found a white marble altar of Elyvilon.
    63 | D        | Found a blossoming altar of Fedhas.
    63 | D        | Found an opulent altar of Gozag.
    64 | D        | Found a hazy altar of Hepliaklqana.
    65 | D        | Found a viscous altar of Jiyva.
    66 | D        | Found an ancient bone altar of Kikubaaqudgha.
    67 | D        | Found a corrupted altar of Lugonu.
    68 | D        | Found a burning altar of Makhleb.
    69 | D        | Found a sparkling altar of Nemelex Xobeh.
    70 | D        | Found an iron altar of Okawaru.
    71 | D        | Found a stormy altar of Qazlal.
    72 | D        | Found a sacrificial altar of Ru.
    73 | D        | Found a shimmering blue altar of Sif Muna.
    74 | D        | Found a bloodstained altar of Trog.
    75 | D        | Found a hide-covered altar of Uskayaw.
    76 | D        | Became a worshipper of Makhleb the Destroyer
    77 | D        | Found a radiant altar of Vehumet.
    78 | D        | Found an ornate altar of the Wu Jian Council.
    79 | D        | Found a shimmering altar of Xom.
    80 | D        | Found a basalt altar of Yredelemnul.
    81 | D        | Found a glowing silver altar of Zin.
    82 | D        | Found a glowing golden altar of the Shining One.
   124 | D        | Noticed a gargoyle
   124 | D        | Noticed a yak
   124 | D        | Noticed a yak
   124 | D        | Noticed a two-headed ogre
   124 | D        | Noticed an acid dragon
   124 | D        | Noticed a wyvern
   127 | D        | Killed a wyvern
   127 | D        | Killed a yak
   128 | D        | Reached skill level 8 in Armour
   128 | D        | Reached XP level 5. HP: 33/56 MP: 5/5
   128 | D        | Reached XP level 6. HP: 37/63 MP: 6/6
   130 | D        | Killed a two-headed ogre
   130 | D        | Reached * piety under Makhleb
   130 | D        | Killed a yak
   131 | D        | Reached skill level 10 in Armour
   131 | D        | Reached skill level 10 in Shields
   131 | D        | Reached XP level 7. HP: 44/75 MP: 7/7
   131 | D        | Reached XP level 8. HP: 49/84 MP: 8/8
   144 | D        | Killed a gargoyle
   144 | D        | Reached ** piety under Makhleb
   145 | D        | Reached skill level 11 in Armour
   153 | D        | Noticed a centaur warrior
   153 | D        | Noticed a seven-headed hydra
   153 | D        | Noticed a deep elf pyromancer
   153 | D        | Noticed a salamander
   153 | D        | Noticed a boulder beetle
   154 | D        | Noticed a polar bear
   154 | D        | a salamander changed into a polar bear
   157 | D        | Reached skill level 10 in Long Blades
   157 | D        | Reached skill level 1 in Evocations
   159 | D        | Killed a deep elf pyromancer
   160 | D        | Gained mutation: You passively map the area around you.
                  | [Deep Dwarf growth]
   160 | D        | Reached XP level 9. HP: 72/93 MP: 8/8
   161 | D        | Killed a five-headed hydra
   162 | D        | Reached skill level 10 in Fighting
   162 | D        | Reached skill level 12 in Armour
   162 | D        | Reached skill level 5 in Evocations
   163 | D        | Killed a polar bear
   163 | D        | Reached *** piety under Makhleb
   174 | D        | Killed a centaur warrior
   268 | D        | Found the ring of the Octopus King {rC+ AC+1 EV+1 Str+1
                  | Int+1 Dex+1}
   277 | D        | Got a ring of the Octopus King {rC+ AC+1 EV+1 Str+1 Int+1
                  | Dex+1}
   291 | D        | Noticed a cane toad
   294 | D        | Noticed a komodo dragon
   303 | D        | Reached skill level 1 in Invocations
   306 | D        | Noticed a rime drake
   308 | D        | Killed a cane toad
   308 | D        | Reached **** piety under Makhleb
   309 | D        | Reached XP level 10. HP: 83/103 MP: 8/10
   318 | D        | Reached ***** piety under Makhleb
   343 | D        | Noticed a five-headed hydra
   343 | D        | Noticed a cane toad
   354 | D        | Reached skill level 13 in Armour
   358 | D        | Killed a cane toad
   365 | D        | Reached skill level 5 in Invocations
   371 | D        | Killed a one-headed hydra
   379 | D        | Reached ****** piety under Makhleb
   380 | D        | Reached skill level 10 in Evocations
   433 | D        | Reached XP level 11. HP: 84/114 MP: 15/15
   480 | D        | Noticed Joseph
   491 | D        | Killed Joseph
   513 | D        | Noticed Eustachio
   526 | D        | Killed Eustachio
   563 | D        | Noticed Josephine
   581 | D        | Killed Josephine
   582 | D        | Reached skill level 14 in Armour
   635 | D        | Noticed an orc knight
   640 | D        | Killed an orc knight
   674 | D        | Noticed an orc knight
   674 | D        | Noticed an orc sorcerer
   677 | D        | Killed an orc sorcerer
   679 | D        | Killed an orc knight
   682 | D        | Noticed an orc knight
   685 | D        | Noticed an orc knight
   687 | D        | Noticed an orc high priest
   688 | D        | Killed an orc knight
   693 | D        | Killed an orc knight
   708 | D        | Killed an orc high priest
   731 | D        | Found Xycserph's Book Boutique.
   731 | D        | Noticed an ogre mage
   731 | D        | Noticed a deep troll
   731 | D        | Noticed a deep troll
   731 | D        | Noticed a deep troll
   736 | D        | Noticed a green death
   738 | D        | Killed a deep troll
   739 | D        | Reached skill level 10 in Invocations
   749 | D        | Killed a deep troll
   757 | D        | Killed an ogre mage
   762 | D        | Found Qeheukhle's Assorted Antiques.
   762 | D        | Noticed an ogre mage
   763 | D        | Killed a deep troll
   778 | D        | Killed an ogre mage
   780 | D        | Noticed a deep troll
   789 | D        | Killed a deep troll
   790 | D        | Reached skill level 15 in Armour
   797 | D        | Found Ures Vusme's Antique Weapon Boutique.
   801 | D        | Found Yxekiops's Magic Scroll Shop.
   807 | D        | Bought a blackened glass wand for 88 gold pieces
   807 | D        | Noticed an ogre mage
   808 | D        | Noticed a deep troll
   811 | D        | Bought a scroll of blinking for 75 gold pieces
   813 | D        | Killed an ogre mage
   814 | D        | Reached skill level 15 in Shields
   814 | D        | Reached XP level 12. HP: 65/126 MP: 19/19
   829 | D        | Bought a scroll of enchant weapon for 75 gold pieces
   829 | D        | Bought a scroll of enchant weapon for 75 gold pieces
   829 | D        | Bought a scroll of enchant armour for 75 gold pieces
   829 | D        | Bought a scroll of silence for 75 gold pieces
   887 | D        | Noticed Urug
   905 | D        | Killed Urug
  1041 | D        | Noticed a seven-headed hydra
  1047 | D        | Reached skill level 1 in Dodging
  1053 | D        | Killed a seven-headed hydra
  1056 | D        | Noticed an ice dragon
  1060 | D        | Killed an ice dragon
  1061 | D        | Noticed a fire dragon
  1062 | D        | Noticed a stone giant
  1063 | D        | Noticed a tengu warrior
  1066 | D        | Noticed a great orb of eyes
  1072 | D        | Noticed a great orb of eyes
  1074 | D        | Killed a fire dragon
  1082 | D        | Killed a stone giant
  1088 | D        | Killed a tengu warrior
  1100 | D        | Killed a great orb of eyes
  1102 | D        | Killed a great orb of eyes
  1151 | D        | Noticed Nessos
  1154 | D        | Noticed Nessos
  1154 | D        | Nessos changed into Nessos the mana viper
  1163 | D        | Killed Nessos the mana viper
  1164 | D        | Reached skill level 16 in Armour
  1226 | D        | Reached skill level 5 in Dodging
  1282 | D        | Noticed a seven-headed hydra
  1282 | D        | Noticed a bunyip
  1290 | D        | Noticed a six-headed hydra
  1297 | D        | Killed a bunyip
  1298 | D        | Reached skill level 15 in Evocations
  1313 | D        | Noticed an eleionoma
  1327 | D        | Reached skill level 15 in Long Blades
  1331 | D        | Killed a two-headed hydra
  1332 | D        | Reached XP level 13. HP: 135/135 MP: 20/20
  1364 | D        | Killed an eleionoma
  1486 | D        | Noticed an emperor scorpion
  1499 | D        | Reached skill level 17 in Armour
  1509 | D        | Killed an emperor scorpion
  1587 | D        | Noticed Rupert
  1589 | D        | Noticed Psyche
  1597 | D        | Killed Psyche
  1630 | D        | Noticed a fire giant
  1630 | D        | Noticed a stone giant
  1630 | D        | Noticed a stone giant
  1630 | D        | Noticed an ettin
  1631 | D        | Noticed a spark wasp
  1634 | D        | Reached skill level 15 in Invocations
  1634 | D        | Killed a stone giant
  1634 | D        | Killed an ettin
  1636 | D        | Killed a stone giant
  1637 | D        | Noticed a stone giant
  1637 | D        | Killed a fire giant
  1638 | D        | Reached skill level 15 in Fighting
  1644 | D        | Noticed an iron dragon
  1657 | D        | a spark wasp changed into a manticore
  1660 | D        | Noticed a fire giant
  1661 | D        | Reached skill level 10 in Dodging
  1680 | D        | Killed a stone giant
  1707 | D        | Killed an iron dragon
  1714 | D        | Killed a fire giant
  1722 | D        | Gained mutation: You resist negative energy. (rN+) [Deep
                  | Dwarf growth]
  1722 | D        | Reached XP level 14. HP: 78/147 MP: 7/21
  1748 | D        | Reached skill level 18 in Armour
  1779 | D        | Noticed a stone giant
  1808 | D        | Killed a stone giant
  1819 | D        | Noticed a sphinx
  1852 | D        | Noticed a vault warden
  1853 | D        | Killed a sphinx
  1855 | D        | Noticed a vault warden
  1857 | D        | Noticed an ironbound preserver
  1868 | D        | Killed an ironbound preserver
  1873 | D        | Killed a vault warden
  1886 | D        | Killed a vault warden
  1922 | D        | Noticed Frederick
  1959 | D        | Killed Frederick
  1960 | D        | Reached skill level 19 in Armour
  1970 | D        | Noticed Boris
  2002 | D        | Killed from afar by Boris

Illustrated notes

Levels and vault maps discovered:
D:        linesprint [early_d, line_temple, items_1, d_10, items_2, lair_1,
          lair_end, items_3, orc_1, orc_end, items_4, d_15, swamp_1, shoals_1,
          snake_1, spider_1, d_20, vaults_1, items_5, swamp_end, shoals_end,
          snake_end, spider_end, vaults_end, d_27, items_6, zot_1, zot_end,
          crypt_end, forest_end, elf_end, slime_end, tomb_end, abyss_end,
          pan_hell_end]

Skill      XL: |  1  2  3  4  5  6  7  8  9 10 11 12 13 14 |
---------------+-------------------------------------------+-----
Fighting       | 4 6 8 9 10 11 13 14 15 16 | 16.4
Long Blades    | 4 7 9 10 11 12 13 15 16 17 | 17.6
Armour         | 5 8 10 11 12 13 15 16 17 19 | 19.1
Shields        | 5 8 10 11 12 13 15 16 17 18 | 18.8
Evocations     | 3 8 10 13 15 17 | 17.3
Invocations    | 2 7 11 13 16 18 | 18.2
Dodging        | 6 10 13 | 13.0

Action                   |  1- 3 |  4- 6 |  7- 9 | 10-12 | 13-15 || total
-------------------------+-------+-------+-------+-------+-------++-------
Melee: Long sword        |    33 |    12 |       |       |       ||    45
       Scimitar          |       |       |    50 |   204 |    60 ||   314
       Falchion          |       |       |       |    35 |       ||    35
       Double sword      |       |       |       |   122 |   284 ||   406
Invok: Greater Servant o |       |       |       |     4 |     4 ||     8
       Major Destruction |       |       |       |       |    14 ||    14
 Abil: Heal Wounds       |       |     1 |     5 |    14 |    29 ||    49
Evoke: Wand              |       |     5 |     4 |     2 |    13 ||    24
  Use: Potion            |       |       |       |     1 |       ||     1
       Scroll            |       |       |       |       |     1 ||     1
 Stab: Distracted        |       |       |       |     1 |       ||     1
Armor: Scale mail        |    19 |     2 |       |       |       ||    21
       Chain mail        |       |     2 |    19 |    74 |       ||    95
       Fire dragon scale |       |       |       |    36 |    79 ||   115
Dodge: Dodged            |     7 |     7 |    16 |   103 |    86 ||   219
Block: Kite shield       |    17 |    12 |    31 |   148 |       ||   208
       Tower shield      |       |       |       |   114 |   289 ||   403
       Rpst.: Long sword |     1 |     1 |       |       |       ||     2
       Scimitar          |       |       |     4 |    12 |     4 ||    20
       Falchion          |       |       |       |     1 |       ||     1
       Double sword      |       |       |       |     6 |     7 ||    13

Table legend: (Time is in decaauts)
 A = Elapsed time spent in this place.
 B = Non-inter-level travel time spent in this place.
 C = Inter-level travel time spent in this place.
 D = Time resting spent in this place.
 E = Time spent auto-exploring this place.
 F = Levels seen in this place.
 G = Mean time per level.
                   A        B        C        D        E       F      G
               +--------+--------+--------+--------+--------+-----+--------+
         Total |   1913 |   1913 |      0 |      0 |      0 |   1 | 1913.0 |
       Dungeon |   1913 |   1913 |      0 |      0 |      0 |   1 | 1913.0 |
               +--------+--------+--------+--------+--------+-----+--------+

Top non-repeatable levels by time:
       D: 1913 daAuts
